[Event "Israeli Team U18-ch 2022"]
[Site "Be'er Ya'akov"]
[Date "2022.08.15"]
[Round "4.1"]
[White "Sokolovsky, Yahli"]
[Black "Levin, Guy"]
[Result "1/2-1/2"]
[ECO "B31"]
[WhiteElo "2386"]
[BlackElo "2363"]
[Annotator "TA"]
[PlyCount "114"]
[EventDate "2022.08.14"]
[EventCountry "ISR"]
[SourceTitle "playchess.com"]
[Source "ChessBase"]
[SourceQuality "1"]
[TimeControl "3000+10"]

1. e4 c5 2. Nf3 Nc6 3. Bb5 g6 4. O-O Bg7 5. Re1 e5 6. Bxc6 dxc6 7. d3 Qe7 8. a4 Nh6 {[%emt 0:00:10] B31: Sicilian: 2...Nc6 3 Bb5 g6.} 9. Na3 f6 10. a5 Nf7 {[%emt 0:00:10] The position is equal.} 11. Nc4 O-O 12. Be3 {[%emt 0:00:10] [#]} Be6 $146 ({Predecessor:} 12... Nd8 13. h3 Ne6 14. c3 Rd8 15. Qc2 Bd7 16. Rad1 Be8 17. b3 Bf7 18. d4 cxd4 19. cxd4 exd4 20. Nxd4 Nxd4 21. Bxd4 {½-½ (45) Raja,H (2472)-Frolyanov,D (2556) Moscow 2020}) 13. Nfd2 Rab8 14. f4 Bh6 15. fxe5 Bxe3+ 16. Rxe3 Nxe5 17. Nxe5 fxe5 18. Qe1 Rf4 19. Rf3 Rbf8 20. Qe3 Qd6 21. Raf1 b6 22. g3 Rxf3 23. Rxf3 bxa5 24. Rxf8+ Kxf8 $11 {[%emt 0:00:10][%mdl 4096] Endgame KQB-KQN} 25. Nf3 Bg4 26. Nd2 Be6 27. c4 a4 28. Nb1 (28. Kg2 $11) 28... Qd4 $17 29. Qxd4 cxd4 {[%emt 0:00:20] KB-KN} 30. Kf2 Bg4 (30... Ke7 $17 31. c5 Bb3) 31. c5 Ke7 32. Nd2 Be6 33. Kg2 (33. Kf3 $15) 33... Bb3 (33... g5 $1 $19 34. h3 h5) 34. Kf2 $15 Kf6 35. Ke2 Be6 36. Kf2 {[%emt 0:00:32] [#]} (36. Kd1 $15) 36... Bb3 $2 (36... g5 $1 $19 37. h4 g4) 37. Ke1 (37. Ke2 $1 $11) 37... Be6 (37... h5 $15) 38. Ke2 $2 {[%emt 0:00:20][%mdl 8192] [#]} (38. Kf2 $11) 38... Bb3 $2 (38... g5 $1 $19 {Hoping for ...Ke7.} 39. Kf2 g4) 39. Kf2 (39. Ke1 $1 $11) 39... Be6 (39... h5 $15) 40. Kf3 (40. Ke2 $1 $11) 40... Bb3 (40... h6 $17) 41. h3 (41. Ke2 $11) 41... Bc2 (41... Be6 $17 42. g4 Bb3) 42. Ke2 $11 Bb3 43. Nf3 (43. Kf3 $1 $11) 43... Be6 (43... h5 $17 44. h4 Bc2) 44. Ng1 $2 (44. g4 $15 h6 45. Ke1) 44... g5 $2 (44... h5 $19 {aiming for ...g5.} 45. Kf3 Bd7) 45. Kf2 $2 (45. g4 $17 {is more resistant.}) 45... h6 $2 (45... g4 $19 46. h4 h5) 46. Ke2 $2 (46. g4 $11) 46... Kg6 $2 ({Better is} 46... g4 $19 47. hxg4 Bxg4+ 48. Kd2 Kg5) 47. Ke1 $2 (47. Nf3 $11 Kf6 48. h4) 47... Kf6 $2 ({Black should play} 47... g4 $19 48. Kf1 gxh3) 48. Kf2 $2 (48. Ke2 $11) 48... Bc8 $2 (48... g4 $19 49. h4 h5) 49. Ke1 $2 (49. g4 $11) 49... Ba6 $2 (49... g4 $19 {is more deadly.} 50. h4 Be6) 50. Kd2 Bc8 (50... h5 $17 {White must now prevent ...Bc8.} 51. Nf3 g4 52. hxg4 hxg4) 51. Ke2 $2 (51. Ke1 $11) 51... Be6 52. Kf2 $1 Bc8 53. Ke1 Ba6 $2 (53... g4 $19 54. h4 Be6) 54. Ke2 (54. Kd2 $11) 54... Bc8 (54... h5 $17 {Strongly threatening ...Bc8.} 55. Nf3 Bc8) 55. Kd1 $2 (55. Ke1 $11) 55... Bd7 56. Kd2 Bc8 57. Ke2 Be6 $2 {[%emt 0:00:00] Weighted Error Value: White=1.18/Black=1.22} ({Black should try} 57... h5 $19 58. h4 g4) 1/2-1/2

[Event "Israeli Team U18-ch 2022"]
[Site "Be'er Ya'akov"]
[Date "2022.08.15"]
[Round "4.2"]
[White "Ben Ari, Yannay"]
[Black "Neiman, Maks"]
[Result "1-0"]
[ECO "E08"]
[WhiteElo "2411"]
[BlackElo "2110"]
[Annotator "TA"]
[PlyCount "45"]
[EventDate "2022.08.14"]
[EventCountry "ISR"]
[SourceTitle "playchess.com"]
[Source "ChessBase"]
[SourceQuality "1"]
[TimeControl "3000+10"]

1. Nf3 Nf6 2. c4 e6 3. g3 d5 4. Bg2 Be7 5. O-O O-O 6. d4 c6 7. Qc2 b6 8. Rd1 Ba6 9. b3 Nbd7 10. Bb2 Rc8 11. Nc3 Qc7 {[%emt 0:06:21] E08: Closed Catalan: Main Line: 7 Qc2.} 12. e4 dxc4 13. h4 {[%emt 0:00:00] [#]} e5 $146 {[%emt 0:03:47] Black has an edge.} ({Predecessor:} 13... h6 14. Bh3 Rfd8 15. Qe2 b5 16. bxc4 bxc4 17. Rac1 Rb8 18. Ba1 Bb4 19. Qe3 Re8 {1-0 (43) Podzielny,K (2456)-Cako,L (2155) Groningen 2009}) 14. Ne2 $1 exd4 (14... Rcd8 $11 {keeps the balance.}) 15. Nexd4 $16 Nc5 (15... Rfe8 $14) 16. e5 {[%emt 0:03:32] Ng5 is the strong threat.} Nd5 17. bxc4 Nb4 {[%emt 0:01:10] [#]} 18. Qe2 Na4 {[%emt 0:03:13][%cal Oa6c4] aiming for ...Bxc4!} 19. Nf5 {[%emt 0:02:06] Black must now prevent e6.} Bxc4 20. Qxc4 $18 {[%emt 0:00:03] White is clearly winning.} Nxb2 21. Qg4 g6 {[%emt 0:00:26] [#]} 22. Rd7 $3 {[%emt 0:00:04][%mdl 576] Skewer, Double Attack} h5 (22... Qxd7 23. Nh6+) 23. Nxe7+ {[%emt 0:00:34] White took control after the opening.  Weighted Error Value: White=0.08 (flawless) /Black=0.31} 1-0

[Event "Israeli Team U18-ch 2022"]
[Site "Be'er Ya'akov"]
[Date "2022.08.15"]
[Round "4.3"]
[White "Borodety, Itamar"]
[Black "Kochavi, Ori"]
[Result "0-1"]
[ECO "A11"]
[WhiteElo "1939"]
[BlackElo "2364"]
[Annotator "RC"]
[PlyCount "40"]
[EventDate "2022.08.14"]
[EventCountry "ISR"]
[SourceTitle "playchess.com"]
[Source "ChessBase"]
[SourceQuality "1"]
[TimeControl "3000+10"]

1. Nf3 d5 2. g3 c6 3. Bg2 Bg4 4. c4 e6 5. O-O Nf6 6. Ne5 Bf5 7. cxd5 exd5 8. d3 Bd6 9. Nf3 O-O 10. Qb3 Qc8 11. Nc3 Nbd7 12. Qc2 Re8 13. Re1 h6 14. Bd2 Bh7 15. Rab1 a6 16. b4 Bb8 17. Be3 Rxe3 18. fxe3 Ba7 19. h3 Qc7 20. Kf2 Nh5 0-1

[Event "Israeli Team U18-ch 2022"]
[Site "Be'er Ya'akov"]
[Date "2022.08.15"]
[Round "4.4"]
[White "Duchan, Yoav"]
[Black "Bilenkiy, Maksym"]
[Result "1-0"]
[ECO "B15"]
[WhiteElo "1786"]
[BlackElo "1650"]
[Annotator "NA RC"]
[PlyCount "50"]
[EventDate "2022.08.14"]
[EventCountry "ISR"]
[SourceTitle "playchess.com"]
[Source "ChessBase"]
[SourceQuality "1"]
[TimeControl "3000+10"]

1. e4 c6 2. Nc3 d5 3. Nf3 g6 4. d4 Bg7 5. Be2 dxe4 6. Nxe4 Nf6 7. Nxf6+ exf6 8. Be3 Be6 9. O-O O-O 10. Qd2 Re8 11. c4 f5 12. Rfd1 Bc8 13. d5 cxd5 14. cxd5 Nd7 15. Rac1 Nf6 16. d6 Ne4 17. Qd3 Bd7 18. Qb3 b6 19. Bc4 Be6 20. Bxe6 Rxe6 21. d7 Qf8 22. Ng5 Nxg5 23. Bxg5 Rd6 24. Rxd6 Qxd6 25. Rc8+ Bf8 1-0

[Event "Israeli Team U18-ch 2022"]
[Site "Be'er Ya'akov"]
[Date "2022.08.15"]
[Round "4.5"]
[White "Rozen, Eytan"]
[Black "Mishkovsky, Israel"]
[Result "1-0"]
[ECO "D38"]
[WhiteElo "2465"]
[BlackElo "1940"]
[Annotator "TA"]
[PlyCount "59"]
[EventDate "2022.08.14"]
[EventCountry "ISR"]
[SourceTitle "playchess.com"]
[Source "ChessBase"]
[SourceQuality "1"]
[TimeControl "3000+10"]

1. c4 c6 2. Nf3 d5 3. d4 Nf6 4. Nc3 e6 5. Bg5 h6 6. Bh4 Bb4 ({Better is} 6... dxc4 $11 7. e4 g5) 7. e3 $14 {[%emt 0:03:05] D38: Queen's Gambit Declined: Ragozin Defence (4 Nf3 Bb4).} O-O 8. Bd3 dxc4 9. Bxc4 {[%emt 0:00:11] White is slightly better.} Nbd7 10. O-O b5 11. Bd3 (11. Be2 $5 ) 11... Bb7 12. Rc1 a6 (12... Be7 $14) 13. e4 {[%emt 0:01:01][%cal Be3e4,Be4e5][%mdl 32] aiming for e5.} Be7 {[%emt 0:00:23] [#]} 14. e5 $1 {[%emt 0:00:14] [#]} Ne8 $146 ({Predecessor:} 14... Nh7 15. Bxe7 Qxe7 16. Ne4 Nb6 17. Nc5 Rfc8 18. Nd2 Ra7 19. Nde4 Ba8 20. Nd6 Rd8 21. Kh1 Nd5 {1-0 (36) Favoni,M (1900)-Tibaldeschi,A (1613) Vercelli 2008}) 15. Bxe7 Qxe7 16. Ne4 Rc8 $1 17. Nc5 $36 {[%emt 0:00:45][%mdl 2048] Black is under pressure. White is more active.} Nb6 {[%emt 0:01:12] Loses the game.} ({Black should try} 17... Nxc5 $14 18. Rxc5 Nc7) 18. Nd2 Rd8 19. Nde4 (19. Ndb3 $18) 19... Rxd4 20. Nxb7 {[%emt 0:01:12][%mdl 64] [#] Discovered Attack} Rxd3 (20... Qxb7 {was worth a try.} 21. Nc5 Qa8) 21. Qxd3 $18 Qxb7 22. Qc3 Nc7 23. Qxc6 Qxc6 24. Rxc6 Ncd5 25. Nc3 Ra8 26. Rc1 Nc4 $2 (26... Kh7 27. Nxd5 Nxd5) 27. Nxd5 exd5 28. b3 Nxe5 29. Rc8+ Rxc8 30. Rxc8+ {[%emt 0:00:03] Weighted Error Value: White=0.07 (flawless) /Black=0.34} 1-0

[Event "Israeli Team U18-ch 2022"]
[Site "Be'er Ya'akov"]
[Date "2022.08.15"]
[Round "4.6"]
[White "Zusman, Tal"]
[Black "Milikow, Yoav"]
[Result "0-1"]
[ECO "D35"]
[WhiteElo "1445"]
[BlackElo "2452"]
[Annotator "TA"]
[PlyCount "144"]
[EventDate "2022.08.14"]
[EventCountry "ISR"]
[SourceTitle "playchess.com"]
[Source "ChessBase"]
[SourceQuality "1"]
[TimeControl "3000+10"]

1. d4 Nf6 2. c4 e6 3. Nc3 d5 4. cxd5 exd5 5. Bg5 Bb4 6. e3 h6 7. Qa4+ {[%emt 0:03:34] D35: Queen's Gambit Declined: Exchange Variation.} Nc6 8. Bxf6 Qxf6 9. Bb5 {[%emt 0:00:11] [#] Black must now prevent Qxb4. The position is equal.} O-O 10. Nf3 Bg4 11. Be2 Rfd8 12. O-O {[%emt 0:00:34] [#]} Bf8 $146 ({Predecessor:} 12... a6 13. Rac1 Be6 14. a3 Bd6 15. b4 Na7 16. Rfd1 g5 17. e4 Bf4 18. e5 Qe7 19. Ra1 g4 20. Ne1 c6 21. Qc2 Nb5 {0-1 (61) Palosevic,A (2234)-Nikolic,D (2296) Serbia 2007}) 13. Rac1 a6 14. Qb3 Qd6 15. Nh4 ({Don't play} 15. Qxb7 Rdb8 16. Nb5 Rxb7 $19) 15... Bc8 16. Bd3 b6 $2 {[%emt 0:07:17] [#]} (16... Rb8 $11) 17. Nf5 (17. Qxd5 $1 $16 {[%mdl 512] And now Qe4 would win.} Qxd5 (17... Bb7 18. Be4) 18. Nxd5) 17... Qd7 18. Qd1 Ne7 19. Ng3 Qg4 20. Qxg4 Bxg4 21. Nce2 Rdc8 22. b3 g6 23. Rc2 h5 24. h3 Bd7 25. Rfc1 c6 26. Nf4 Bh6 27. Nfe2 Kf8 28. Kh1 Ke8 29. Ng1 a5 30. Nf3 Kd8 31. Ne5 Be8 32. Rb1 Bg7 33. Nf3 Kc7 34. Ng5 Kb7 35. Nf1 Rc7 36. Nd2 Rac8 37. Rbc1 Bf6 38. Ngf3 Bg7 39. Kg1 Bh6 40. Ne5 f6 41. Nef3 g5 42. Nf1 Ra8 43. Ng3 h4 44. Nf5 Nxf5 45. Bxf5 Rd8 46. Kf1 Bf8 47. g3 hxg3 48. fxg3 Ba3 49. Rd1 Re7 50. Re2 c5 (50... Bh5 {feels hotter.} 51. Kf2 Rde8 52. Rh1 c5) 51. Kf2 Bb5 52. Bd3 (52. Rc2 $11) 52... Bd7 (52... c4 $17 53. bxc4 dxc4) 53. dxc5 (53. h4 $15) 53... bxc5 (53... Bxc5 $17 54. Nd4 Bxh3) 54. Bc2 (54. h4 $15) 54... Bxh3 $19 55. Rh1 Bd7 {[%emt 0:00:17] This bishop pair is nice.} 56. Rh6 $2 (56. Bd3 {is a better defense.}) 56... Bb5 57. Re1 Bb4 58. Rd1 Bc3 $2 (58... d4 $19 {and Black stays clearly on top.} 59. e4 d3) 59. Ne1 (59. Bd3 $17 Bc6 60. Rc1) 59... d4 60. e4 Bxe1+ 61. Rxe1 d3 62. Bd1 d2 63. Re3 Rf8 $2 (63... Bc6 $19 64. Rf3 Bxe4 65. Rfxf6 Bd5) 64. g4 {[%emt 0:00:39] This move loses the game for White.} (64. a4 $17 Bc6 65. Ke2) 64... Kc7 65. Rh1 Rfe8 66. Kf3 Kb6 67. Rh2 (67. Rh6 $142) 67... Rd8 68. Rh6 Re6 69. e5 Rf8 70. Kg3 Rfe8 71. Kf3 $2 (71. a4 {was necessary.} Ba6 72. Rf3) 71... fxe5 72. Rxe5 $2 (72. Rxe6+ Rxe6 73. Rc3) 72... Rxh6 {[%emt 0:00:05] Weighted Error Value: White=0.27 (precise) /Black=0.25 (precise)} 0-1

[Event "Israeli Team U18-ch 2022"]
[Site "Be'er Ya'akov"]
[Date "2022.08.15"]
[Round "4.7"]
[White "Milikow, Elie"]
[Black "Scheimann, Ori"]
[Result "1-0"]
[ECO "C43"]
[WhiteElo "2433"]
[BlackElo "1552"]
[Annotator "TA"]
[PlyCount "66"]
[EventDate "2022.08.14"]
[EventCountry "ISR"]
[SourceTitle "playchess.com"]
[Source "ChessBase"]
[SourceQuality "1"]
[TimeControl "3000+10"]

1. e4 e5 2. Nf3 Nf6 3. d4 Nxe4 4. Bd3 d5 5. Nxe5 Bd6 6. Nc3 Nxc3 7. bxc3 Nd7 8. O-O O-O 9. Nxd7 Bxd7 10. Qh5 g6 11. Qxd5 Bc6 {[%emt 0:00:23] C43: Petroff Defence: 3 d4.} 12. Qg5 Be7 13. Qg3 {[%emt 0:01:43] [#]} Re8 $146 {[%emt 0:11:46] White is better.} ({Predecessor:} 13... Bf6 14. Bf4 Rc8 15. Rae1 Qd5 16. a3 Qa5 17. Bd2 Qxa3 18. Ra1 Qe7 19. Rfe1 Qd7 {1-0 (45) Antipov,M (2584)-Borisova,E (2283) Chess.com INT 2020}) 14. Re1 Qd7 15. Bh6 Bd6 16. Qh4 Be7 {[%emt 0:03:25] [#]} 17. Qf4 Bf8 18. Bxf8 $40 {[%emt 0:00:57][%mdl 128] Black is in trouble.} Rxf8 19. h4 {[%emt 0:04:00] White is more active.} Rae8 20. f3 h5 21. Kf2 Kg7 (21... b5 $142) 22. Re5 {[%emt 0:00:32][%cal Oe5h5] And now Rxh5! would win.} Rxe5 23. Qxe5+ f6 24. Qg3 Qf7 25. Re1 Bd5 $2 (25... Re8 $16 {keeps fighting.}) 26. c4 $18 ({Don't play} 26. Re7 Qxe7 27. Qxg6+ Kh8 $18) 26... Bxc4 {[%emt 0:01:40] [#]} (26... Bc6 27. d5 Ba4) 27. Re7 $3 Qxe7 (27... Bxd3 28. Rxf7+) 28. Qxg6+ Kh8 29. Qh6+ Kg8 30. Bxc4+ Rf7 31. Qg6+ (31. Qxh5 $142 f5 32. g4 fxg4 33. Bxf7+ Qxf7 34. Qxf7+ Kxf7 35. fxg4) 31... Kf8 32. Qh6+ $2 (32. Bxf7 $18 Qxf7 33. Qxf7+ Kxf7 34. Ke3) 32... Ke8 $2 (32... Kg8 $11 33. Qxh5 f5 34. Qg6+ Kf8 35. Bxf7 Qxf7 36. Qxf7+ Kxf7) 33. Qxh5 {[%emt 0:00:17][%mdl 64] Pin} Qd8 {[%emt 0:08:13] Weighted Error Value: White=0.33/Black=0.33} 1-0

[Event "Israeli Team U18-ch 2022"]
[Site "Be'er Ya'akov"]
[Date "2022.08.15"]
[Round "4.8"]
[White "Zusman, Noa"]
[Black "Gorshtein, Asaf"]
[Result "0-1"]
[ECO "B12"]
[WhiteElo "1246"]
[BlackElo "2112"]
[Annotator "TA"]
[PlyCount "104"]
[EventDate "2022.08.14"]
[EventCountry "ISR"]
[SourceTitle "playchess.com"]
[Source "ChessBase"]
[SourceQuality "1"]
[TimeControl "3000+10"]

1. e4 c6 2. d4 d5 3. e5 Bf5 4. Nf3 e6 5. Be2 Nd7 6. O-O h6 7. Re1 {[%emt 0:00:53] B12: Caro-Kann: Advance Variation.} Ne7 8. Nbd2 g5 9. h3 {[%emt 0:00:26] [#] White is slightly better.} Bg7 $146 ({Predecessor:} 9... Bg6 10. c4 a6 11. b3 Nf5 12. Nf1 Be7 13. N1h2 h5 14. Bd2 Nf8 15. c5 Bh7 {½-½ (36) Eldridge,M (2286)-Kain,A (2384) ICCF email 2012}) 10. Nf1 Bg6 11. Ne3 c5 12. c3 a6 13. a3 c4 14. b3 b5 15. b4 (15. h4 $16) 15... a5 $11 16. Bb2 Nb6 17. Qd2 Nc6 18. Bd1 axb4 19. axb4 Rxa1 20. Bxa1 Qa8 21. Bc2 Bxc2 22. Nxc2 Qa2 23. Qc1 Kd7 ({Black should try} 23... Qa8 $11) 24. Kf1 (24. Na3 $14) 24... Ra8 25. Bb2 Na4 $36 {[%emt 0:00:17][%mdl 2048] White is under pressure.} 26. Ba1 Nb6 27. Bb2 Qa6 (27... Na4 $5 28. Ba1 Kc7 $11) 28. Qd2 Qb7 29. Na3 Na4 30. Ra1 Bf8 31. Qc2 {[%emt 0:01:13] [#]} (31. Ra2 $11) 31... Nxb2 (31... Nxb4 $1 $15 32. cxb4 Bxb4) 32. Qxb2 Ra4 33. Qc2 $2 {[%emt 0:00:42] White is on the road to losing.} (33. Nc2 $11 {and White has nothing to worry.}) 33... Qa6 34. Qc1 {[%emt 0:01:09] [#]} (34. Qb2 $17) 34... Nxb4 $1 35. cxb4 Bxb4 36. Nc2 Rxa1 37. Qxa1 (37. Nxa1 $142 Be7 38. Qb1) 37... Qxa1+ $19 38. Nxa1 Bc3 39. Nc2 b4 {[%emt 0:00:04] Threatens to win with ...b3.} 40. Nxb4 Bxb4 {[%emt 0:00:04][%mdl 4096] Endgame KB-KN} 41. Ke2 Kc6 42. Kd1 Kb5 43. Kc2 Be7 44. h4 $2 (44. Kc3) 44... g4 45. Nh2 h5 46. f3 g3 47. Nf1 Bxh4 {[%emt 0:00:06] ...Kb4 is the strong threat.} 48. Kc3 Ka4 49. Kd2 Kb3 (49... Bg5+ $142 50. Kc3 h4 51. Kb2 h3 52. Nxg3 hxg2 53. Ne2 Kb4 54. Kc2 Be3 55. f4 {[#]} Bxd4 $1 56. f5 exf5 $1 57. Kb1 f4 $1 58. Kc2 f3 $1 59. e6 fxe6 $1 60. Nxd4 g1=Q 61. Nc6+ Ka3 62. Nb4 Kxb4 63. Kd2 f2 64. Ke3 f1=Q+ 65. Kd2 Qfg2#) 50. Kc1 Bg5+ {[%emt 0:00:12] Black mates.} 51. Kb1 c3 52. Ka1 c2 {[%emt 0:00:08] Weighted Error Value: White=0.71/Black=0.24 (precise)} 0-1

[Event "Israeli Team U18-ch 2022"]
[Site "Be'er Ya'akov"]
[Date "2022.08.15"]
[Round "4.9"]
[White "Zemach, Nadav"]
[Black "Ribstein, Orel"]
[Result "1/2-1/2"]
[ECO "E66"]
[WhiteElo "2225"]
[BlackElo "1964"]
[Annotator "TA"]
[PlyCount "138"]
[EventDate "2022.08.14"]
[EventCountry "ISR"]
[SourceTitle "playchess.com"]
[Source "ChessBase"]
[SourceQuality "1"]
[TimeControl "3000+10"]

1. Nf3 g6 2. g3 Bg7 3. Bg2 Nf6 4. O-O O-O 5. c4 d6 6. d4 c5 7. Nc3 Nc6 8. d5 Na5 9. Nd2 a6 10. Qc2 Rb8 11. b3 b5 12. Bb2 e6 13. e4 {[%emt 0:00:00] E66: King's Indian: Fianchetto: 6...c5 7 0-0 Nc6 8 d5.} bxc4 14. bxc4 exd5 15. cxd5 {[%emt 0:00:00] White is slightly better.} Re8 16. h3 Nd7 {[%emt 0:39:13] [#]} (16... Bd7 $11) 17. Rfe1 $146 (17. Rab1 $16) ({Predecessor:} 17. Nd1 Bxb2 18. Nxb2 Qf6 19. Rab1 Rb4 20. Nbc4 Nxc4 21. Nxc4 Rxb1 22. Rxb1 Ne5 23. Qc3 {1-0 (38) Luciani,V (2238)-Tomba,I (2063) Gubbio 1999}) 17... Ne5 (17... Bd4 $11) 18. Bf1 (18. Nd1 $1 $16) 18... Qg5 $11 19. Re3 {[%emt 0:00:10] [#]} (19. Bc1 $1 $11) 19... Bxh3 $1 $17 20. Bxh3 {[%emt 0:00:00] [#]} Rxb2 $1 21. Qxb2 Nac4 $36 {[%emt 0:00:00][%mdl 2048] Prevents Qa3. Black is really pushing.} 22. Nxc4 Nxc4 23. Qc1 ({But not} 23. f4 $2 Qh6 24. Qh2 Nxe3 $19) 23... Nxe3 24. Rb1 Qe5 (24... Qh5 $17 {[%cal Og7d4] And now ...Bd4! would win.} 25. Qxe3 Qxh3) 25. Ne2 ({Better is} 25. Bd7 $15 Rd8 26. Qxe3) 25... Nxd5 26. Bg2 (26. Bd7 $142 Rd8 27. Qc4) 26... Nb4 27. Qc4 (27. a3 $17 {was necessary.} Nd5 28. Qc4) 27... Qe6 (27... d5 $1 $19 {[%cal Rd5c4] and Black stays clearly on top.} 28. Qxc5 Bf8) 28. Qxe6 fxe6 29. a3 Nc2 30. Rb6 Nxa3 31. Rxd6 Nc2 32. Bh3 Nd4 (32... Kf7 $15) 33. Nxd4 $11 Bxd4 34. Bxe6+ {[%emt 0:00:00][%mdl 4096] Endgame KRB-KRB} Kg7 35. Rxa6 Rf8 36. Ra7+ Kh6 37. Rf7 Rb8 38. Kg2 Rb2 39. g4 Rc2 40. Kg3 Rc3+ 41. Kg2 Rc2 42. Kg3 Rc3+ 43. f3 Bg1 44. Rd7 Be3 45. Bg8 Kg5 46. Rd5+ ({Reject} 46. Rxh7 Bf4+ 47. Kg2 c4 $17) 46... Kh6 47. e5 Rc1 48. e6 {[%emt 0:00:10] Re5 is the strong threat.} Rg1+ 49. Kh2 {[%emt 0:00:02] Black must now prevent Re5.} Re1 50. Rd7 Bf4+ 51. Kg2 $1 {[%emt 0:00:02] Hoping for e7.} Kg5 52. Rd5+ Kf6 53. Rxc5 h6 54. Bf7 Rd1 55. Rc8 Rd2+ 56. Kf1 Rd1+ 57. Ke2 Rc1 (57... Rd2+ $11 58. Ke1 Rd3) 58. Rg8 $14 g5 59. Rg6+ Ke7 60. Rxh6 Rc2+ 61. Kd3 Ra2 62. Rh7 Ra3+ 63. Ke4 Re3+ $2 {[%emt 0:00:02][%mdl 8192] [#]} (63... Ra5 $16) 64. Kd5 $2 (64. Kf5 $1 $18) 64... Rd3+ 65. Ke4 $2 (65. Kc5 $16 {aiming for Bg6+.} Rxf3 66. Bg8+ Ke8 67. Rh8) 65... Re3+ $18 {[%emt 0:00:01] [#]} 66. Kf5 $1 Rxf3 (66... Kd6 $142 67. Rh8 Rxf3) 67. Bh5+ Kd6 68. e7 $2 ({Only move:} 68. Rd7+ $18 Kc6 69. Be8 (69. e7 $2 Bc1+ 70. Ke6 Re3+ 71. Kf5 Kxd7 $19) 69... Bd6+ 70. Kxg5) 68... Bc1+ $11 69. Kg6 Re3 {[%emt 0:00:00] White used his chance.  Weighted Error Value: White=0.25 (precise) /Black=0.20 (precise)} 1/2-1/2

[Event "Israeli Team U18-ch 2022"]
[Site "Be'er Ya'akov"]
[Date "2022.08.15"]
[Round "4.10"]
[White "Tashkinova, Sofiia"]
[Black "Vagman, Roy"]
[Result "0-1"]
[ECO "C54"]
[WhiteElo "1935"]
[BlackElo "2180"]
[Annotator "TA"]
[PlyCount "84"]
[EventDate "2022.08.14"]
[EventCountry "ISR"]
[SourceTitle "playchess.com"]
[Source "ChessBase"]
[SourceQuality "1"]
[TimeControl "3000+10"]

1. e4 e5 2. Nf3 Nc6 3. Bc4 Bc5 4. d3 Nf6 5. O-O d6 6. c3 h6 7. Be3 Bxe3 {[%emt 0:02:08] C54: Giuoco Piano: 4 c3 Nf6, main lines with 5 d4 and 5 d3.} 8. fxe3 Na5 9. Bb5+ c6 {[%emt 0:00:17] The position is equal.} 10. Ba4 b5 {[%emt 0:00:05] Prevents c4.} 11. Bc2 Qb6 {[%emt 0:00:22] [#] aiming for ...Ng4.} 12. Qe2 $146 ({Predecessor:} 12. Qd2 Nb7 13. Qf2 Ng4 14. Qe2 Qxe3+ 15. Qxe3 Nxe3 16. Rf2 Nxc2 17. Rxc2 f5 18. Nbd2 {0-1 (50) Fritsch Gruendel,T-Lenhart,M freechess.de 2016}) 12... b4 (12... c5 $11) 13. c4 O-O 14. Nbd2 Be6 15. Nh4 d5 $2 {[%emt 0:04:41][%mdl 8192] [#]} (15... Nd7 $11 {and Black has nothing to worry.}) 16. Nf5 $2 (16. Rxf6 $1 $18 gxf6 17. exd5 cxd5 18. cxd5) 16... Bxf5 $11 17. Rxf5 dxc4 18. dxc4 (18. Rxf6 $5 cxd3 19. Bxd3 gxf6 20. Nc4 Nxc4 21. Bxc4 $17) 18... Rfe8 19. Raf1 (19. Rxf6 $5 gxf6 20. Nf1 $11) 19... Re6 20. Bb3 (20. Nf3 $15 Ng4 21. c5 Qxc5 22. Nd4) 20... Qc5 21. Bc2 Rd8 22. Nb3 Qxc4 {[%emt 0:06:46] Black is more active.} 23. Qf2 (23. R5f2 $17 {is a better defense.} Qxe2 24. Rxe2) 23... Nb7 $19 24. Bb1 Nd6 25. Nd2 Qb5 26. Rf3 Nc4 27. Nxc4 Qxc4 28. Qg3 Rdd6 29. Rf5 Qe2 30. R5f2 Qb5 31. Bc2 (31. b3 {was called for.}) 31... c5 32. Rf5 c4 33. Qf3 $2 (33. Qe1) 33... Kf8 34. Rd1 (34. Qe2 $142) 34... Qc5 {[%emt 0:01:35] ...g6 is the strong threat.} 35. Re1 $2 (35. Rd5 Qb6 36. Rxd6 Rxd6 37. Qe2) 35... g6 36. Rxf6 Rxf6 37. Qh3 Kg7 38. Qg3 Rd2 39. Bd1 c3 40. bxc3 bxc3 {[%emt 0:00:07] White must now prevent ...c2.} 41. Bb3 c2 42. h4 c1=Q {[%emt 0:00:26] Weighted Error Value: White=1.18/Black=0.37} 0-1

[Event "Israeli Team U18-ch 2022"]
[Site "Be'er Ya'akov"]
[Date "2022.08.15"]
[Round "4.11"]
[White "Ater, Yuval"]
[Black "Azoulay, Yehonatan"]
[Result "1-0"]
[ECO "B26"]
[WhiteElo "1854"]
[BlackElo "1805"]
[Annotator "NA RC"]
[PlyCount "75"]
[EventDate "2022.08.14"]
[EventCountry "ISR"]
[SourceTitle "playchess.com"]
[Source "ChessBase"]
[SourceQuality "1"]
[TimeControl "3000+10"]

1. e4 c5 2. Nc3 Nc6 3. g3 g6 4. Bg2 Bg7 5. Nge2 e6 6. O-O Nge7 7. d3 O-O 8. Be3 Nd4 9. f4 d6 10. Qd2 f5 11. Rae1 Rb8 12. a4 a6 13. Nb1 b5 14. axb5 Nxb5 (14... axb5 {might be stronger.} 15. c3 Nxe2+ 16. Qxe2 b4) 15. c3 Bb7 16. Qc2 Qc7 17. Nd2 Rbc8 18. Ra1 Rfd8 19. Bf2 d5 20. e5 g5 21. Nb3 d4 22. Bxb7 Qxb7 23. Na5 Qb6 $16 24. Nc4 Qb7 (24... Qc6 $14) 25. cxd4 cxd4 26. Qb3 Qf3 (26... h6 $14) 27. Rfe1 Nd5 28. Rxa6 Ne3 29. Bxe3 dxe3 30. Rf1 Qxe2 31. Qxb5 Qxd3 32. Rd6 Rxd6 33. Nxd6 Qxb5 34. Nxb5 gxf4 35. gxf4 Rb8 36. Nd4 Rxb2 37. Nxe6 Bh6 38. Nd4 1-0

[Event "Israeli Team U18-ch 2022"]
[Site "Be'er Ya'akov"]
[Date "2022.08.15"]
[Round "4.12"]
[White "Leib, Yoni"]
[Black "Amitai, Ido"]
[Result "1-0"]
[ECO "D45"]
[WhiteElo "1607"]
[BlackElo "1664"]
[Annotator "NA RC"]
[PlyCount "103"]
[EventDate "2022.08.14"]
[EventCountry "ISR"]
[SourceTitle "playchess.com"]
[Source "ChessBase"]
[SourceQuality "1"]
[TimeControl "3000+10"]

1. Nf3 d5 2. e3 Nf6 3. c4 e6 4. b3 Bd6 5. Bb2 c6 6. Be2 Nbd7 7. d4 b6 8. O-O O-O 9. Nc3 Bb7 10. Rc1 Rc8 11. Nd2 c5 12. dxc5 bxc5 13. Re1 Re8 14. Bf1 Bb8 15. Ne2 Ng4 16. g3 dxc4 17. Nf4 Nde5 18. Be2 Nf6 19. Bxe5 Bxe5 20. Nxc4 Bxf4 21. exf4 Qc7 22. Qd6 Red8 23. Qxc7 Rxc7 24. Ne5 g6 25. Red1 Rxd1+ 26. Rxd1 Bd5 27. Rc1 Ne8 28. Ng4 Kg7 29. Ne3 Kf6 30. f3 Ke7 31. Kf2 Kd6 32. Bc4 Rc6 33. g4 h6 34. h4 Rc7 35. g5 h5 36. Rd1 Kc6 37. Bxd5+ exd5 38. Nxd5 Rd7 39. Nc3 Rxd1 40. Nxd1 Nd6 41. Ne3 c4 42. Nxc4 Nxc4 43. bxc4 Kc5 44. Ke3 Kxc4 45. Ke4 a5 46. f5 a4 47. fxg6 fxg6 48. f4 a3 49. f5 gxf5+ 50. Kxf5 Kc3 51. g6 Kb2 52. g7 1-0